 Dungeon Crawl Stone Soup version 0.31-a0-986-g5e6e4ef867 (webtiles) character file.

Game seed: 6568329534746951349

209 sammy202020 the Ruffian (level 5, -3/39 HPs)
             Began as a Demonspawn Shapeshifter on Nov 25, 2023.
             Slain by a kobold brigand
             ... wielding a +0 whip
              (5 damage)
             ... in a sewer.
             The game lasted 00:03:44 (2999 turns).

sammy202020 the Ruffian (Demonspawn Shapeshifter)   Turns: 2999, Time: 00:03:45

Health: -3/39      AC:  6    Str: 16    XL:     5   Next: 55%
Magic:  5/5        EV: 11    Int: 11    God:
Gold:   189        SH:  0    Dex: 13    Spells: 4/4 levels left

rFire   + .          .
                       - Unarmed
rCold   . . .        (no shield)
rNeg    . . .        n - +0 scale mail
rPois   .            (helmet currently unavailable)
rElec   .            (cloak currently unavailable)
rCorr   .            (gloves currently unavailable)
SInv    .            (boots currently unavailable)
Will    .....        (no amulet) Stlth
                     i - ring of protection from fire
HPRegen 0.26/turn    (no ring)
MPRegen 0.09/turn

%: no passive effects
@: beast-form, very slow
A: beast (slay +2), ignite blood 2, powered by death 1, sturdy frame 1
a: Begin Untransformation


You were in a sewer.
You were a hulking beast.
You visited 1 branch of the dungeon, and saw 4 of its levels.
You also visited: Sewer.

You collected 233 gold pieces.
You spent 44 gold pieces at shops.

Inventory:

Missiles
 f - 2 throwing nets
Armour
 a - a +0 animal skin
 m - a +1 cloak
 n - a +0 scale mail (worn)
Jewellery
 i - a ring of protection from fire (left hand)
Talismans
 c - a beast talisman
 d - a flux talisman
Scrolls
 e - 4 scrolls of teleportation
 h - 2 scrolls of summoning
 j - 2 scrolls of identify
 k - a scroll of noise {unknown}
 l - a scroll of poison {unknown}
 p - a scroll of fear
 q - a scroll of fog {unknown}
Potions
 b - 2 potions of lignification
 o - a potion of haste {unknown}


   Skills:
 * Level 2.7 Fighting
 + Level 1.3 Armour
 + Level 2.3 Dodging
 * Level 3.7 Unarmed Combat
 * Level 3.6 Shapeshifting


You had 4 spell levels left.
You didn't know any spells.
Your spell library contained the following spells:

 Spells                   Type           Power      Damage    Failure   Level
 Apportation              Tloc           0%         N/A       63%         1
 Necrotise                Necr           0%         1d4       63%         1
 Summon Small Mammal      Summ           0%         N/A       63%         1
 Sublimation of Blood     Necr           0%         N/A       77%         2
 Wereblood                Tmut           0%         N/A       77%         2
 Summon Hydra             Summ           0%         N/A       100%        7


Dungeon Overview and Level Annotations

Branches:
Dungeon (4/15)              Sewer (1/1)
 Temple: D:4-7

Altars:

Shops:
D:2 *


Innate Abilities, Weirdness & Mutations

You are a hulking beast.
Your limbs bulge with bestial killing power. (Slay +2)
Your demonic aura often causes spilled blood to erupt in flames.
You regenerate a little health from kills.
Your movements are slightly less encumbered by armour. (ER -2)


Message History

You barely miss the kobold brigand. The kobold brigand barely misses you.
You closely miss the kobold brigand. The kobold brigand closely misses you.
Your unstable footing causes you to fumble your attack.
The kobold brigand hits you with a +0 whip.
Your unstable footing causes you to fumble your attack.
The kobold brigand hits you but does no damage.
You closely miss the kobold brigand.
The kobold brigand splashes around in the water.
You closely miss the kobold brigand.
The kobold brigand splashes around in the water.
Your unstable footing causes you to fumble your attack.
The kobold brigand barely misses you.
You barely miss the kobold brigand.
The kobold brigand hits you with a +0 whip!
* * * LOW HITPOINT WARNING * * *
You barely miss the kobold brigand.
The kobold brigand hits you with a +0 whip.
* * * LOW HITPOINT WARNING * * *
You hit the kobold brigand.
The kobold brigand is lightly wounded.
The kobold brigand barely misses you.
Your unstable footing causes you to fumble your attack.
You barely miss the kobold brigand.
The kobold brigand is lightly wounded.
The kobold brigand hits you but does no damage.
Your unstable footing causes you to fumble your attack.
The kobold brigand hits you with a +0 whip.
* * * LOW HITPOINT WARNING * * *
You feel better.
The kobold brigand completely misses you.
Your unstable footing causes you to fumble your attack.
The kobold brigand hits you with a +0 whip!
* * * LOW HITPOINT WARNING * * *
You hit the kobold brigand but do no damage.
The kobold brigand is lightly wounded.
The kobold brigand hits you but does no damage.
You punch the kobold brigand!
The kobold brigand is heavily wounded.
The kobold brigand hits you with a +0 whip.
You die...

#########
#.#.#.#.#
#~#~#~#~#
#~#~#K#~#
#~#)#h#~#
#.~.#~)~#
##~###~##
#.# #~#
#~###~#
#~~.~.#
##.~~##
#.~~#
#.~.#


You could see a kobold brigand.

Vanquished Creatures
  A scorpion (D:4)
  An orc priest (D:3)
  3 adders
  A worm (D:2)
  4 dart slugs
  4 orcs (D:3)
  4 bats
  8 endoplasms
  4 giant cockroaches
  8 goblins
  5 hobgoblins
  6 quokkas
  5 ball pythons
  4 frilled lizards
  7 kobolds
  5 rats
70 creatures vanquished.

Notes
Turn   | Place    | Note
-------+----------+-------------------------------------------
     0 | D:1      | sammy202020 the Demonspawn Shapeshifter began the quest for
                  | the Orb.
     0 | D:1      | Reached XP level 1. HP: 15/15 MP: 1/1
    76 | D:1      | You fall into a shaft and drop 1 floor!
   174 | D:2      | Gained mutation: Your demonic aura sometimes causes spilled
                  | blood to erupt in flames. [demonic ancestry]
   174 | D:2      | Reached XP level 2. HP: 21/21 MP: 2/2
   622 | D:1      | Gained mutation: Your movements are slightly less
                  | encumbered by armour. (ER -2) [demonic ancestry]
   622 | D:1      | Reached XP level 3. HP: 27/27 MP: 3/3
  1447 | D:2      | Found Diddaych's Assorted Antiques.
  1457 | D:2      | Bought a scroll labelled SERIDAU IBAZA for 22 gold pieces
  1457 | D:2      | Bought a scroll labelled MIZXOA QUDUTS for 22 gold pieces
  1984 | D:3      | Gained mutation: You regenerate a little health from kills.
                  | [demonic ancestry]
  1984 | D:3      | Reached XP level 4. HP: 33/33 MP: 4/4
  2475 | D:3      | Reached skill level 1 in Armour
  2844 | D:4      | Noticed a scorpion
  2856 | D:4      | Killed a scorpion
  2857 | D:4      | Gained mutation: Your demonic aura often causes spilled
                  | blood to erupt in flames. [demonic ancestry]
  2857 | D:4      | Reached XP level 5. HP: 39/39 MP: 5/5
  2885 | D:4      | Found a glowing drain.
  2899 | Sewer    | Entered a sewer
  2995 | Sewer    | HP: 1/39 [kobold brigand/+0 whip (6)]
  2999 | Sewer    | Slain by a kobold brigand

Illustrated notes

Levels and vault maps discovered:
D:1:      dpeg_arrival_tiny_h, layout_loops_ring, st_stairs_4
D:2:      layout_basic, serial_shops, shop, minmay_hexomino_f4
D:3:      layout_basic, lemuel_round_altar, dreamdust_princess_bridge
D:4:      layout_basic, gup_sewer_entry_pipe, ebering_dispersal_statue_hall
Sewer:    sewer_co_tree

Skill      XL: |  1  2  3  4 |
---------------+-------------+-----
Unarmed Combat | 3 |  3.7
Shapeshifting  | 3 |  3.6
Dodging        | 2 |  2.3
Fighting       | 2 |  2.7
Armour         | 1 |  1.3

Action                     |  1- 3 |  4- 6 || total
---------------------------+-------+-------++-------
  Melee: Unarmed           |   117 |   107 ||   224
         Punch             |     1 |     3 ||     4
    Use: Scroll            |     7 |       ||     7
         Potion            |       |     1 ||     1
   Stab: Sleeping          |     2 |       ||     2
 Armour: Animal skin       |    51 |       ||    51
         Ring mail         |    11 |       ||    11
         Scale mail        |     1 |    53 ||    54
  Dodge: Dodged            |    52 |    55 ||   107

Table legend: (Time is in decaauts)
 A = Elapsed time spent in this place.
 B = Non-inter-level travel time spent in this place.
 C = Inter-level travel time spent in this place.
 D = Time resting spent in this place.
 E = Time spent auto-exploring this place.
 F = Levels seen in this place.
 G = Mean time per level.
                   A        B        C        D        E       F      G
               +--------+--------+--------+--------+--------+-----+--------+
         Total |   3000 |   2933 |     67 |    124 |   2170 |   5 |  600.0 |
       Dungeon |   2892 |   2825 |     67 |    124 |   2110 |   4 |  723.0 |
         Sewer |    108 |    108 |      0 |      0 |     60 |   1 |  108.0 |
               +--------+--------+--------+--------+--------+-----+--------+

Top non-repeatable levels by time:
     D:2: 1188 daAuts
     D:3: 797 daAuts
     D:1: 680 daAuts
     D:4: 226 daAuts
   Sewer: 108 daAuts
